 Dungeon Crawl Stone Soup version 0.18-a0-1120-g03bd624 (webtiles) character file.

139 ThermosAquaticus the Cudgeler (level 5, -1/54 HPs)
             Began as an Ogre Abyssal Knight on Jan 17, 2016.
             Was a Believer of Lugonu.
             Slain by an orc wizard
             ... wielding a +0 dagger
              (4 damage)
             ... on level 4 of the Dungeon.
             The game lasted 00:07:40 (2812 turns).

ThermosAquaticus the Cudgeler (Ogre Abyssal Knight) Turns: 2812, Time: 00:07:40

Health: -1/54      AC:  3    Str: 18    XL:     5   Next: 22%
Magic:  6/6        EV: 10    Int: 11    God:    Lugonu [**....]
Gold:   188        SH:  0    Dex:  9    Spells: 0 memorised, 4 levels left

rFire  + . .     SeeInvis .     a - +1 mace
rCold  + . .     Gourm    .     b - +0 robe
rNeg   . . .     Faith    .     (no shield)
rPois  +         Spirit   .     (helmet restricted)
rElec  +         Dismiss  .     (no cloak)
rCorr  +         Reflect  .     (gloves unavailable)
SustAt .         Harm     .     (boots unavailable)
MR     .....                    (no amulet)
Stlth  +.........               (no ring)
                                (no ring)

@: resistant, flying, not resistant to hostile enchantments, very unstealthy
A: unfitting armour, tough skin 1
a: Depart the Abyss, Bend Space, Renounce Religion


You were on level 4 of the Dungeon.
You worshipped Lugonu.
Lugonu was pleased with you.
You were hungry.

You visited 1 branch of the dungeon, and saw 4 of its levels.
You visited the Abyss 1 time.

You collected 188 gold pieces.

Inventory:

Hand Weapons
 a - a +1 mace (weapon)
Missiles
 p - 5 javelins (quivered)
Armour
 b - a +0 robe (worn)
Scrolls
 d - a scroll of identify {unknown}
 e - a scroll of remove curse {unknown}
 f - 2 scrolls of recharging {unknown}
 h - a scroll of immolation {unknown}
 k - a scroll of random uselessness {unknown}
 l - 2 scrolls of enchant weapon {unknown}
 q - a scroll of noise {unknown}
 r - a scroll of magic mapping {unknown}
 v - a scroll of fear {unknown}
 w - a scroll of amnesia {unknown}
Potions
 o - a potion of mutation
Comestibles
 c - 2 bread rations
 g - 4 meat rations
 i - a beef jerky
 m - 3 chunks of flesh
 u - a slice of pizza
 x - a royal jelly


   Skills:
 - Level 4.0 Fighting
 + Level 6.9 Maces & Flails
 - Level 2.1 Dodging
 - Level 2.0 Invocations


You had 4 spell levels left.
You didn't know any spells.

Dungeon Overview and Level Annotations

Branches:
Dungeon (4/15)
 Temple: D:4-7

Altars:
Ashenzari
Dithmenos
Gozag
Makhleb
Okawaru
Pakellas
Zin


Innate Abilities, Weirdness & Mutations

You are too large for most types of armour.
You have tough skin (AC +1).


Message History

Drink which item? (? for menu, Esc to quit)
It was a potion of flight.
You feel very buoyant.
You fly up into the air.
Something hits you.
* * * LOW HITPOINT WARNING * * *
Drink which item? (? for menu, Esc to quit)
It was a potion of resistance.
You feel protected. Something hits you but does no damage.
Drink which item? (? for menu, Esc to quit)
It was a potion of cure mutation.
It has a very clean taste.
Your urge to shout disappears.
You no longer feel heat resistant.
You feel slightly disoriented. Something hits you but does no damage.
You closely miss something. Something hits you.
* * * LOW HITPOINT WARNING * * *
You hit something. Something hits you.
* * * LOW HITPOINT WARNING * * *
You barely miss something. Something hits you.
You die...

#.. ,* ...# .# # ##
#..## #..# .#.#... #
#..## #..# .#...?. *
#.##...###.# ....#
#..........###..# .?
,
##..............##.
#####....[###.......
, #......##.......
##....@{....####* *
#.....##.#.#
##...###.#.#
#.....<...#
######....# ####.# ,
# * ,+


There were no monsters in sight!

Vanquished Creatures
  An orc priest (D:4)
  2 adders
  An ooze (D:3)
  3 worms
  3 giant geckos
  6 orcs
  2 ball pythons
  4 giant cockroaches
  8 goblins
  9 hobgoblins
  4 jackals (D:1)
  A quokka (D:3)
  7 bats
  6 giant newts
  6 kobolds
  3 rats
66 creatures vanquished.

Notes
Turn   | Place    | Note
--------------------------------------------------------------
     0 | Abyss:1  | ThermosAquaticus the Ogre Abyssal Knight began the quest for the Orb.
     0 | Abyss:1  | Reached XP level 1. HP: 24/24 MP: 2/2
    38 | Abyss:1  | Noticed a small abomination
    39 | D:1      | Escaped the Abyss
    66 | D:1      | Reached * piety under Lugonu
   156 | D:1      | Reached XP level 2. HP: 29/32 MP: 3/3
   263 | D:1      | Found a shattered altar of Ashenzari.
   605 | D:2      | Reached XP level 3. HP: 37/39 MP: 4/4
   968 | D:2      | Reached skill level 5 in Maces & Flails
  1539 | D:2      | Reached ** piety under Lugonu
  1747 | D:3      | Reached XP level 4. HP: 45/48 MP: 5/5
  1987 | D:3      | Reached skill level 6 in Maces & Flails
  2224 | D:3      | Found a burning altar of Makhleb.
  2224 | D:3      | Noticed a blizzard demon
  2232 | D:3      | Found a glowing silver altar of Zin.
  2232 | D:3      | Noticed an angel
  2257 | D:3      | Found an opulent altar of Gozag.
  2680 | D:3      | Found a shadowy altar of Dithmenos.
  2680 | D:3      | Found an oddly glowing altar of Pakellas.
  2681 | D:3      | Found an iron altar of Okawaru.
  2788 | D:4      | Reached XP level 5. HP: 21/54 MP: 6/6
  2792 | D:4      | Gained mutation: Your flesh is heat resistant. [potion of mutation]
  2792 | D:4      | Gained mutation: You passively map a small area around you. [potion of mutation]
  2792 | D:4      | Gained mutation: You occasionally shout uncontrollably at your foes. [potion of mutation]
  2809 | D:4      | Lost mutation: You occasionally shout uncontrollably at your foes. [potion of cure mutation]
  2809 | D:4      | Lost mutation: Your flesh is heat resistant. [potion of cure mutation]
  2809 | D:4      | Lost mutation: You passively map a small area around you. [potion of cure mutation]
  2812 | D:4      | Slain by an orc wizard

Vault maps used:
D:1:      mainiacjoe_arrival_reflecting_pool, nrook_mini_vaults,
          nicolae_ashenzari_panopticon
D:2:      first_bread
D:3:      grunt_temple_overflow_order_and_chaos_2,
          nicolae_gozag_cash_rules_everything_around_me,
          gammafunk_temple_overflow_claw
D:4:      minitemple, st_stairs_10, minmay_door_square, minmay_cupped

Action                   |  1- 3 |  4- 6 || total
-------------------------+-------+-------++-------
Melee: Mace              |   134 |   115 ||   249
Invok: Depart the Abyss  |     1 |       ||     1
  Use: Potion            |       |     5 ||     5
  Eat: Chunk             |     3 |     3 ||     6
